 Dungeon Crawl Stone Soup version 0.31-a0-257-gf185e81a89 (webtiles) character file.

Game seed: 13689510755789729940

86 qw the Shooter (level 4, 0/26 HPs)
             Began as a Gargoyle Hexslinger on July 12, 2023.
             Slain by a hobgoblin (2 damage)
             ... led by Robin
             ... on level 2 of the Dungeon.
             The game lasted 00:00:47 (1279 turns).

qw the Shooter (Gargoyle Hexslinger)                Turns: 1279, Time: 00:00:47

Health: 0/26       AC:  9    Str: 12    XL:     4   Next: 49%
Magic:  5/5        EV: 10    Int: 13    God:
Gold:   79         SH:  0    Dex: 14    Spells: 4/5 levels left

rFire   . . .        Y - +0 shortbow
rCold   . . .        (shield currently unavailable)
rNeg    + . .        g - +0 ring mail
rPois   inf          a - +0 helmet
rElec   +            (no cloak)
rCorr   .            (no gloves)
SInv    .            (no boots)
Will    .....        (no amulet)
Stlth   +            (no ring)
HPRegen 0.24/turn    (no ring)
MPRegen 0.09/turn

%: no passive effects
@: no status effects
A: sickness immunity, AC +3, negative energy resistance 1, electricity
resistance, torment resistance 1, petrification resistance
a: no special abilities


You were on level 2 of the Dungeon.
You visited 1 branch of the dungeon, and saw 2 of its levels.

You collected 79 gold pieces.


Innate Abilities, Weirdness & Mutations

You are immune to sickness and miasma.
Your stone body is resilient. (AC +3)
You are immune to poison.
You resist negative energy. (rN+)
You are resistant to electric shocks. (rElec)
You are resistant to unholy torment.
You are immune to petrification.


   Skills:
 - Level 2.0 Fighting
 + Level 4.1 Ranged Weapons
 - Level 1.0 Armour
 - Level 1.5 Dodging
 - Level 1.0 Spellcasting
 - Level 2.6 Hexes


You had 4 spell levels left.
You knew the following spells:

 Your Spells              Type           Power      Damage    Failure   Level
a - Slow                  Hex            28%        N/A       22%         1

Your spell library contained the following spells:

 Spells                   Type           Power      Damage    Failure   Level
 Inner Flame              Hex/Fire       4%         N/A       73%         3
 Portal Projectile        Hex/Tloc       8%         N/A       73%         3
 Cause Fear               Hex            3%         N/A       91%         4

Inventory:

Hand Weapons
 Y - a +0 shortbow (weapon)
Armour
 a - a +0 helmet (worn)
 g - a +0 ring mail (worn)
Jewellery
 c - a ring of protection from cold
 e - a +6 ring of strength
Wands
 d - a wand of digging (6)
Scrolls
 b - 2 scrolls of identify {unknown}
 f - a scroll of amnesia {unknown}
Potions
 h - a potion of heal wounds {unknown}
 i - a potion of mutation {unknown}

Dungeon Overview and Level Annotations

Branches:
Dungeon (2/15)

Altars:


Message History

The hobgoblin barely misses you. The goblin barely misses you.
You shoot an arrow. The arrow hits the hobgoblin.
You kill the hobgoblin!
The goblin hits you but does no damage. The hobgoblin misses you.
The hobgoblin closely misses you. The goblin closely misses you.
You shoot an arrow. The arrow barely misses the goblin.
The goblin barely misses you.
The hobgoblin hits you but does no damage.
The hobgoblin closely misses you. The goblin misses you.
You shoot an arrow. The arrow closely misses the goblin.
The goblin hits you with a +0 dagger. The hobgoblin closely misses you.
The goblin hits you but does no damage. The hobgoblin closely misses you.
The goblin hits you but does no damage. The goblin barely misses you.
The hobgoblin hits you but does no damage. x2
You shoot an arrow. The arrow hits the goblin.
The goblin is severely wounded.
The goblin closely misses you. The hobgoblin hits you.
The hobgoblin completely misses you. The goblin hits you but does no damage.
You shoot an arrow. The arrow hits the goblin!
You kill the goblin!
The hobgoblin closely misses you.
The hobgoblin hits you but does no damage.
The goblin hits you but does no damage.
You shoot an arrow. The arrow barely misses the goblin.
The hobgoblin closely misses you. The hobgoblin barely misses you.
The goblin hits you with a +0 dagger. The hobgoblin barely misses you.
The hobgoblin closely misses you. The goblin closely misses you.
You shoot an arrow. The arrow hits the goblin.
The goblin is severely wounded.
The hobgoblin hits you but does no damage.
The hobgoblin misses you. The goblin closely misses you.
You shoot an arrow. The arrow hits the goblin.
You kill the goblin!
The hobgoblin hits you but does no damage.
The hobgoblin closely misses you.
You shoot an arrow. The arrow barely misses the hobgoblin.
The hobgoblin hits you but does no damage. x4
You shoot an arrow. The arrow barely misses the hobgoblin.
The hobgoblin closely misses you. The hobgoblin hits you.
You die...

#.##.##.....##
#.##.##.....##.
#.##..+.....##..
########.<.###.....# #.#
.......)#..# #.....# #..
....)...#..# #.....## #.
........#..# #......####
......gg#..###..........
...)..)@)....+.......###
......).######.....#.#
#######.........####.#
#########.# #.# #.####.#
#......# ########


You could see 2 hobgoblins.

Vanquished Creatures
  Robin (D:2)
  2 adders (D:2)
  A worm (D:2)
  2 dart slugs
  A bat (D:2)
  4 endoplasms
  2 giant cockroaches (D:2)
  9 goblins (D:2)
  7 hobgoblins
  3 quokkas
  3 ball pythons
  3 frilled lizards
  5 kobolds
  4 rats
47 creatures vanquished.

Notes
Turn   | Place    | Note
-------+----------+-------------------------------------------
     0 | D:1      | qw the Gargoyle Hexslinger began the quest for the Orb.
     0 | D:1      | Reached XP level 1. HP: 12/12 MP: 2/2
     0 | D:1      | 0 ||| qw: Version: 0.3-a-52-g30416fa
     0 | D:1      | 0 ||| qw: Game counter: 6776
     0 | D:1      | 0 ||| qw: Melee chars always use a shield: true
     0 | D:1      | 0 ||| qw: God list: Okawaru
     0 | D:1      | 0 ||| qw: Allow faded altars: false
     0 | D:1      | 0 ||| qw: Do Orc after clearing Dungeon:15 true
     0 | D:1      | 0 ||| qw: Do second Lair branch before Depths: true
     0 | D:1      | 0 ||| qw: Lair rune preference: random
     0 | D:1      | 0 ||| qw: Goals: Normal
     0 | D:1      | 0 ||| PLANNING D:1-11
    77 | D:1      | Reached XP level 2. HP: 16/16 MP: 3/3
   216 | D:1      | Reached skill level 3 in Ranged Weapons
   288 | D:1      | 288 ||| SWAPPING to +0 shortbow.
   289 | D:1      | 289 ||| DROPPING +1 sling.
   458 | D:1      | 458 ||| UPGRADING to +0 helmet.
   463 | D:1      | 463 ||| UPGRADING to +0 ring mail.
   473 | D:1      | 473 ||| DROPPING +0 robe.
   474 | D:1      | 474 ||| READING scroll labelled NAG QORILEKESUOCIR.
   475 | D:1      | 475 ||| READING scroll labelled MOKHURPHAOWK.
   476 | D:1      | 476 ||| DRINKING 2 metallic inky potions.
   581 | D:1      | 581 ||| DROPPING scroll of poison.
   582 | D:1      | 582 ||| DROPPING potion of berserk rage.
   635 | D:2      | Reached XP level 3. HP: 14/21 MP: 4/4
   648 | D:2      | 648 ||| FLEEEEING.
   649 | D:2      | 649 ||| STAIRDANCE
   803 | D:2      | Reached skill level 1 in Armour
  1066 | D:2      | 1066 ||| FLEEEEING.
  1067 | D:2      | 1067 ||| FLEEEEING.
  1127 | D:2      | Reached XP level 4. HP: 26/26 MP: 5/5
  1249 | D:2      | Noticed Robin
  1261 | D:2      | Killed Robin
  1262 | D:2      | Reached skill level 4 in Ranged Weapons
  1269 | D:2      | HP: 6/26 [hobgoblin[Robin] (1)]
  1273 | D:2      | HP: 2/26 [hobgoblin[Robin] (1)]
  1279 | D:2      | Slain by a hobgoblin

Levels and vault maps discovered:
D:1:      dpeg_arrival_tiny_i, layout_rooms
D:2:      layout_basic, uniq_robin

Skill      XL: |  1  2  3  4 |
---------------+-------------+-----
Ranged Weapons | 3 4 |  4.1
Fighting       | 2 |  2.0
Armour         | 1 |  1.0
Dodging        | |  1.5
Spellcasting   | |  1.0
Hexes          | |  2.6

Action                     |  1- 3 |  4- 6 || total
---------------------------+-------+-------++-------
   Fire: Sling             |    47 |       ||    47
         Shortbow          |   116 |    42 ||   158
    Use: Scroll            |     2 |       ||     2
         Potion            |     1 |       ||     1
 Armour: Robe              |     3 |       ||     3
         Ring mail         |    38 |    49 ||    87
  Dodge: Dodged            |    68 |    59 ||   127

Table legend:
 A = Non-vault XP
 B = Vault XP
 C = Vault XP percentage of total XP
 D = Non-vault monster count
 E = Vault monster count
 F = Vault count percentage of total count
                 A         B        C        D         E       F
            +---------+---------+-------+---------+---------+-------
      Total |      91 |      32 |  26.0 |      37 |      10 |  21.3
            +---------+---------+-------+---------+---------+-------
        D:1 |      22 |       0 |   0.0 |      13 |       0 |   0.0
        D:2 |      69 |      32 |  31.7 |      24 |      10 |  29.4
            +---------+---------+-------+---------+---------+-------
